 Dungeon Crawl Stone Soup version 0.25-a0-566-g062765be81 (webtiles) character file.

Game seed: 12218985321484029120, levelgen mode: deterministic

168 kae the Sneak (level 5, -2/30 HPs)
             Began as a Kobold Enchanter on Feb 28, 2020.
             Slain by an iguana (10 damage)
             ... on level 4 of the Dungeon.
             The game lasted 00:04:40 (3346 turns).

kae the Sneak (Kobold Enchanter)                    Turns: 3346, Time: 00:04:41

Health: -2/30      AC:  5    Str:  6    XL:     5   Next: 78%
Magic:  9/9        EV: 16    Int: 16    God:
Gold:   67         SH:  0    Dex: 16    Spells: 6/9 levels left

rFire    . . .     SeeInvis .   a - +1 dagger
rCold    . . .     Gourm    .   (shield restricted)
rNeg     . . .     Faith    .   b - +0 robe
rPois    +         Spirit   .   (no helmet)
rElec    .         Reflect  .   c - +2 cloak
rCorr    .         Harm     .   (no gloves)
MR       .....                  (no boots)
Stlth    +++.......             (no amulet)
HPRegen  0.10/turn              f - ring of poison resistance
MPRegen  0.11/turn              (no ring)

@: no status effects
A: small, carnivore
a: no special abilities


You were on level 4 of the Dungeon.
You were very full.

You visited 1 branch of the dungeon, and saw 4 of its levels.

You collected 67 gold pieces.

Inventory:

Hand Weapons
 a - a +1 dagger (weapon)
Armour
 b - a +0 robe (worn)
 c - a +2 cloak (worn)
Jewellery
 f - a ring of poison resistance (left hand)
Wands
 j - a wand of acid (10)
Scrolls
 g - a scroll of blinking
 o - a scroll of identify
 r - a scroll of fog {unknown}
Potions
 e - a potion of flight
 h - a potion of stabbing
 i - a potion of haste
 k - a potion of might
 l - a potion of lignification {unknown}
 m - a potion of invisibility
 n - 2 potions of heal wounds {unknown}
 p - a potion of curing {unknown}
 q - a potion of mutation {unknown}
Comestibles
 d - 8 rations


   Skills:
 + Level 1.6 Fighting
 * Level 3.9 Short Blades
 + Level 3.2 Dodging
 + Level 4.9 Stealth
 + Level 2.9 Spellcasting
 + Level 3.6 Hexes


You had 6 spell levels left.
You knew the following spells:

 Your Spells              Type           Power        Failure   Level  Hunger
a - Corona                Hex            ##.....      4%          1    #......
b - Ensorcelled Hibernat  Hex/Ice        #.....       14%         2    ##.....

Your spell library contained the following spells:

 Spells                   Type           Power        Failure   Level  Hunger
 Confusing Touch          Hex            ##......     13%         3    ###....
 Tukima's Dance           Hex            ##......     13%         3    ###....
 Dazzling Flash           Conj/Hex       #.....       26%         3    ###....


Dungeon Overview and Level Annotations

Branches:
Dungeon (4/15)
 Temple: D:4-7

Altars:
Fedhas
Uskayaw
Wu Jian


Innate Abilities, Weirdness & Mutations

You are small and have problems with some larger weapons.
You are carnivorous and can eat meat at any time.


Message History

The quokka barely misses you. The iguana misses you.
The quokka closely misses you.
The quokka twitches its whiskers.
The quokka bites you but does no damage.
The quokka misses you. The quokka closely misses you.
You hit the iguana.
The iguana is lightly wounded.
The iguana barely misses you. The quokka completely misses you.
The quokka misses you.
You hit the iguana.
The iguana is lightly wounded.
The quokka closely misses you. The iguana closely misses you.
The quokka bites you but does no damage.
The quokka bites you.
* * * LOW HITPOINT WARNING * * *
The quokka bites you but does no damage.
There is a stone staircase leading up here.
The iguana bites you!
You die...

###### #######
###.#@<######.##..###
###....#l.##....#.....#
#......#r.........##..##
#............####.......
#...#........## ##.....>
#####.........####...##.
##................##
##......#......†..#
#......#..........


You could see an iguana and a quokka.

Vanquished Creatures
  A worker ant (D:4)
  3 gnolls (D:2)
  3 adders (D:2)
  3 worms (D:3)
  3 dart slugs
  3 leopard geckos
  An orc (D:3)
  8 bats
  5 giant cockroaches
  8 hobgoblins
  4 jackals (D:2)
  9 kobolds
  2 quokkas
  7 frilled lizards
  5 goblins
  2 rats
67 creatures vanquished.

Vanquished Creatures (others)
  A dart slug (D:4)
1 creature vanquished.

Grand Total: 68 creatures vanquished

Notes
Turn   | Place    | Note
-------+----------+-------------------------------------------
     0 | D:1      | kae the Kobold Enchanter began the quest for the Orb.
     0 | D:1      | Reached XP level 1. HP: 10/10 MP: 3/3
   475 | D:1      | Reached XP level 2. HP: 16/16 MP: 5/5
   773 | D:1      | Learned a level 2 spell: Ensorcelled Hibernation
  1321 | D:1      | Reached XP level 3. HP: 11/20 MP: 0/6
  1794 | D:2      | Reached skill level 1 in Fighting
  1794 | D:2      | Reached XP level 4. HP: 12/25 MP: 1/7
  2113 | D:2      | Found an ornate altar of the Wu Jian Council.
  2294 | D:2      | Found a hide-covered altar of Uskayaw.
  2390 | D:2      | Reached XP level 5. HP: 29/29 MP: 6/9
  2642 | D:2      | Found a blossoming altar of Fedhas.
  3346 | D:4      | Slain by an iguana

Levels and vault maps discovered:
D:1:      roderic_octagonal_star, layout_basic
D:2:      layout_loops_ring, fedhas_altar_fruit_tree,
          nicolae_overflow_crystal_walls, lemuel_round_altar,
          chequers_hall_statues_corner_a
D:3:      minmay_wonky_spiral, layout_basic, lemuel_coloured_pillars_altar,
          first_ration
D:4:      layout_cave_pools, kiku_gazebo_garden_becter, fiery_altar_vehumet,
          temple_doors_e, chequers_jeans, uniq_duvessa

Skill      XL: |  1  2  3  4 |
---------------+-------------+-----
Short Blades   | 2 3 |  3.9
Fighting       | 1 |  1.6
Dodging        | 3 |  3.2
Stealth        | |  4.9
Spellcasting   | |  2.9
Hexes          | |  3.6

Action                   |  1- 3 |  4- 6 || total
-------------------------+-------+-------++-------
Melee: Dagger            |   110 |   179 ||   289
 Cast: Corona            |     9 |     9 ||    18
       Ensorcelled Hiber |     5 |    16 ||    21
  Use: Scroll            |     5 |     5 ||    10
 Stab: Sleeping          |     8 |    17 ||    25
  Eat: Chunk             |    11 |     5 ||    16
Armor: Robe              |    14 |    48 ||    62
Dodge: Dodged            |    64 |   127 ||   191

Table legend:
 A = Non-vault XP
 B = Vault XP
 C = Vault XP percentage of total XP
 D = Non-vault monster count
 E = Vault monster count
 F = Vault count percentage of total count
                 A         B        C        D         E       F
            +---------+---------+-------+---------+---------+-------
      Total |     231 |      10 |   4.1 |      64 |       3 |   4.5
            +---------+---------+-------+---------+---------+-------
        D:1 |      41 |       0 |   0.0 |      22 |       0 |   0.0
        D:2 |     127 |       0 |   0.0 |      29 |       0 |   0.0
        D:3 |      27 |      10 |  27.0 |      11 |       3 |  21.4
        D:4 |      36 |       0 |   0.0 |       2 |       0 |   0.0
            +---------+---------+-------+---------+---------+-------
